 Dungeon Crawl Stone Soup version 0.32-a0-886-g41c5271027 (webtiles) character file.

Game seed: 16964746480887610932

92264 ezpacito the Prestidigitator (level 16, 0/123 HPs)
             Began as a Coglin Chaos Knight on Apr 2, 2024.
             Was a Plaything of Xom.
             Killed from afar by an ironbound frostheart (3 damage)
             ... by creeping frost
             ... in an ice cave.
             The game lasted 00:51:34 (17770 turns).

ezpacito the Prestidigitator (Coglin Chaos Knight) Turns: 17770, Time: 00:51:34

Health: 0/123      AC: 43    Str: 19      XL:     16   Next: 5%
Magic:  22/22      EV:  6    Int: 19 (20) God:    Xom [.*....]
Gold:   983        SH:  0    Dex: 15 (16) Spells: 2/27 levels left

rFire   . . .        G - +6 broad axe (vamp) {Guillermo}
rCold   . . .        E - +8 whip "Baypurif" {freeze, rCorr Int+4 Dex+3}
rNeg    . . .        F - +11 crystal plate armour "Rourgh" {+Inv rElec Stlth-}
rPois   .            Y - +2 hat
rElec   +            s - scarf {repulsion}
rCorr   +            f - +3 pair of gauntlets of War {Slay+5}
SInv    .            S - +2 pair of boots
Will    ++...        (amulet unavailable) Stlth
                     (ring unavailable)
HPRegen 0.40/turn    (ring unavailable)
MPRegen 0.18/turn    r - articulated compensator {Rampage Acrobat Will+ Slay+3}

%: repel missiles, acrobat, rampage
@: frozen, very slow
A: off-hand wielding, slow wielding, warmup strikes, no jewellery, antennae 1,
iridescent scales 1, clever 1, deterioration 1, low MP 1, sense surroundings 1,
screaming 1, shaggy fur 1, sturdy frame 1
a: Renounce Religion, Evoke Invisibility


You were in an ice cave.
You worshipped Xom.
You were a plaything of Xom.
You visited 4 branches of the dungeon, and saw 21 of its levels.
You also visited: Bailey, Gauntlet and Ice Cave.

You collected 3806 gold pieces.
You spent 2823 gold pieces at shops.

Inventory:

Hand Weapons
 E - the +8 whip "Baypurif" (offhand) {freeze, rCorr Int+4 Dex+3}
   (You found it on level 7 of the Dungeon)

   Int+4:     It affects your intelligence (+4).
   Dex+3:     It affects your dexterity (+3).
   rCorr:     It protects you from acid and corrosion.
 G - a +6 vampiric broad axe (weapon) {Guillermo}
 N - a +3 hand axe of flaming
Missiles
 e - 3 darts of dispersal
 k - 2 throwing nets
 u - 41 poisoned darts (quivered)
 A - 4 datura-tipped darts
 H - 12 curare-tipped darts
 K - 4 atropa-tipped darts
 O - 8 silver javelins
Armour
 f - the +3 pair of gauntlets of War (worn) {Slay+5}
   (You acquired it on level 7 of the Dungeon)

   Slay+5:    It affects your accuracy & damage with ranged weapons and melee
   (+5).
 o - a +2 helmet
 s - a scarf of repulsion (worn)
 F - the +11 crystal plate armour "Rourgh" (worn) {+Inv rElec Stlth-}
   (You found it on level 7 of the Dungeon)

   rElec:     It insulates you from electricity.
   +Inv:      It lets you turn invisible.
   Stlth-:    It makes you less stealthy.
 S - a +2 pair of boots (worn)
 Y - a +2 hat (worn)
Gizmo
 r - an articulated compensator (installed) {Rampage Acrobat Will+ Slay+3}
   (You invented it yourself on level 15 of the Dungeon)

   [articulated compensator]

   Slay+3:    It affects your accuracy & damage with ranged weapons and melee
   (+3).
   Will+:     It increases your willpower.
   Rampage:   It bestows one free step when moving towards enemies.
   Acrobat:   It increases your evasion after moving or waiting.
Talismans
 a - a granite talisman
 y - a flux talisman
Wands
 D - a wand of digging (4)
 I - a wand of paralysis (4)
 L - a wand of flame (15)
 X - a wand of iceblast (3)
Scrolls
 d - a scroll of torment
 g - 3 scrolls of fear
 i - 4 scrolls of identify
 j - 3 scrolls of fog
 m - a scroll of silence
 p - 5 scrolls of poison
 t - 10 scrolls of teleportation
 Z - a scroll of revelation
Potions
 b - a potion of ambrosia
 h - 2 potions of haste
 q - 4 potions of curing
 w - a potion of attraction
 z - 3 potions of lignification
 T - 5 potions of brilliance
 V - 3 potions of cancellation
 W - a potion of enlightenment
Miscellaneous
 c - a condenser vane (inert)
 C - a Gell's gravitambourine (inert)
 J - a lightning rod (3/4)
 P - a phantom mirror (inert)
 Q - a box of beasts


   Skills:
 * Level 10.4 Fighting
 * Level 10.4(12.0) Axes
 * Level 8.9(10.7) Polearms
 * Level 9.1 Armour
 * Level 9.0 Dodging
 + Level 6.4 Stealth
 + Level 6.0 Spellcasting
 + Level 5.8 Conjurations
 + Level 1.4 Translocations
 + Level 5.8 Fire Magic
 - Level 1.7 Air Magic
 - Level 4.7 Earth Magic
 * Level 8.8 Alchemy
 * Level 10.9 Evocations


You had 2 spell levels left.
You knew the following spells:

 Your Spells              Type           Power      Damage    Failure   Level
a - Olgreb's Toxic Radia  Alch           39%        N/A       88%         4
b - Ignite Poison         Fire/Alch      33%        N/A       98%         4
c - Alistair's Intoxicat  Alch           26%        N/A       99%         5
d - Eringya's Noxious Bo  Alch           19%        4d6       100%        6
e - Ensorcelled Hibernat  Hex/Ice        10%        N/A       100%        2
g - Apportation           Tloc           22%        N/A       98%         1
w - Passwall              Erth           23%        N/A       96%         3

Your spell library contained the following spells:

 Spells                   Type           Power      Damage    Failure   Level
 Magic Dart               Conj           100%       1d8       54%         1
 Scorch                   Fire           54%        2d7       67%         2
 Mercury Vapours          Alch/Air       50%        N/A       77%         2
 Momentum Strike          Conj/Tloc      38%        3d9       94%         2
 Jinxbite                 Hex            10%        N/A       100%        2
 Sticky Flame             Fire/Alch      33%        2d7       98%         4
 Call Canine Familiar     Summ           5%         N/A       100%        3
 Sigil of Binding         Hex            5%         N/A       100%        3
 Swiftness                Air            12%        N/A       100%        3
 Dimensional Bullseye     Hex/Tloc       4%         N/A       100%        4
 Flame Wave               Conj/Fire      27%        2d9       100%        4
 Borgnjor's Vile Clutch   Necr/Erth      7%         N/A       100%        5
 Summon Cactus Giant      Summ           2%         N/A       100%        6
 Ozocubu's Refrigeration  Ice            2%         4d8       100%        7
 Discord                  Hex            2%         N/A       100%        8
 Ignition                 Fire           13%        3d6       100%        8
 Lehudib's Crystal Spear  Conj/Erth      12%        10d4      100%        8


Dungeon Overview and Level Annotations

Branches:
Dungeon (15/15)            Temple (1/1) D:5            Lair (3/5) D:8
 Shoals (0/4) Lair:2        Snake (0/4) Lair:2          Orc (2/2) D:12
    Elf (0/3) Orc:2        Vaults (0/5) D:13         Depths (0/4) D:15
 Bailey (visited)           IceCv (1/1)             Gauntlet (visited)

Altars:
Ashenzari
Cheibriados
Dithmenos
Elyvilon
Fedhas
Gozag
Hepliaklqana
Kikubaaqudgha
Makhleb
Nemelex Xobeh
Okawaru
Qazlal
Ru
Sif Muna
Trog
Uskayaw
Vehumet
Wu Jian
Xom
Yredelemnul
Zin
The Shining One
Beogh

Shops:
D:4 !   D:9 [   Orc:1 *   Orc:2 ![

Portals:
Trove: D:11 (give +6 demon whip)

Annotations:
Temple 2 transporters


Innate Abilities, Weirdness & Mutations

You can wield a second weapon in your off-hand.
It takes a long time for you to wield or remove held weapons.
Your first few attacks do less damage.
You cannot equip rings or amulets.
You have a pair of small antennae on your head.
You are partially covered in iridescent scales. (AC +2)
Your mind is acute. (Int +4, Str/Dex -1)
Your body sometimes deteriorates upon taking damage.
Your magical capacity is low. (-10% MP)
You passively map a small area around you.
You occasionally shout uncontrollably at your foes.
You are covered in fur. (AC +1)
Your movements are slightly less encumbered by armour. (ER -2)


Message History

The death yak is engulfed in blazing flames.
Aiming: Thunderbolt
Press: ? - help, Shift-Dir - straight line, f - death yak
Aim: a death yak (poison gas, moderately wounded, poisoned, bound in place)
The thunderbolt hits the death yak!!
The death yak is heavily wounded.
The death yak is engulfed in poison gas.
The death yak looks even sicker.
The death yak is engulfed in blazing flames.
The ironbound frostheart calls freezing cold from the walls.
The frost grips you!!
Your body deteriorates!
You feel clumsy.
You are encased in ice.
You take 22 damage, and have 51/123 hp.
Aiming: Phantom Mirror
Press: ? - help, Dir - move target, f - ironbound frostheart, p - death yak
Aim: an ironbound frostheart, wearing a +0 scale mail (moderately wounded, bound in place)
You reflect the ironbound frostheart with the mirror!
The mirror clouds!
The ironbound frostheart calls freezing cold from the walls.
The frost grips you!!
* * * LOW HITPOINT WARNING * * *
Your body deteriorates!
You feel dopey.
The death yak is engulfed in blazing flames.
The death yak is engulfed in poison gas.
The death yak looks even sicker.
The ironbound frostheart calls freezing cold from the walls.
The frost grips you!!
* * * LOW HITPOINT WARNING * * *
Xom thinks this is hilarious!
Your ironbound frostheart is engulfed in poison gas.
Your ironbound frostheart is poisoned.
Your ironbound frostheart barely misses the ironbound frostheart.
You take 48 damage, and have 3/123 hp.
MASSIVE DAMAGE!!
Okay, then.
As you read the scroll of summoning, it crumbles to dust.
Wisps of shadow whirl around you...
The ironbound frostheart calls freezing cold from the walls.
The frost grips you.
You die... "What!?
That's it?"

##*#. *#.# .#*..
##..# #.##. *
#.... .##..
#§§§.# ##. #.##
##.Yp§.*
#.###..##
.§Y§§p.##
##..##...##
$§p§†Y..#
#..#..#...# ,
#Y@###.#.#.#...#
,
##YY#..######..#
##hh.##≈##≈#..#
##.##≈≈#≈≈##.#
###≈≈≈≈≈≈##.# ,
* *#≈≈≈≈≈≈#.## *
* ≈≈≈≈≈≈≈#.#
**..≈≈ ~
≈≈≈≈≈≈~~##
##≈≈≈≈~
*≈≈≈≈≈≈~†##


You could see 2 death yaks, 2 ironbound frosthearts, a friendly ironbound
frostheart (summoned, poisoned, drained, bound), 2 friendly polar bears and 4
friendly yaks.

Vanquished Creatures
  Rupert (D:12)
  Kirke (D:14)
  An orc warlord (Orc:1)
  A cacodemon (D:13)
  Nessos (D:14)
  The ghost of ezpacito the Fighter, a journeyman CoCK of Xom (D:13)
  A minotaur (Gauntlet)
  Snorg (D:11)
  An ettin (D:15)
  Josephine (D:12)
  An entropy weaver (shapeshifter) (D:13)
  10 centaur warriors
  3 ogre magi
  A great orb of eyes (Gauntlet)
  A rakshasa (D:11)
  Erolcha (D:13)
  Erica (D:9)
  A boulder beetle (D:15)
  2 tengu warriors
  18 two-headed ogres
  4 death yaks
  An orc high priest (Orc:2)
  2 deep trolls (Orc:2)
  A glowing orange brain (D:13)
  An arcanist (D:12)
  A steelbarb worm (shapeshifter) (D:13)
  An orc knight (D:15)
  An orange crystal statue (D:11)
  A bog body (Lair:2)
  A necromancer (D:15)
  Pikel (D:7)
  An obsidian statue (D:10)
  A deep elf pyromancer (D:15)
  22 ugly things
  2 orc sorcerers
  6 cyclopes
  A black mamba (shapeshifter) (D:15)
  3 elephants (Lair:1)
  A kobold blastminer (Orc:1)
  2 ice statues
  A smoke demon (Gauntlet)
  2 water nymphs
  2 black mambas (Lair:1)
  A torpor snail (Gauntlet)
  4 cane toads
  An unseen horror (D:10)
  A gargoyle (D:12)
  A komodo dragon (shapeshifter) (D:13)
  6 komodo dragons
  A freezing wraith (D:14)
  An anaconda simulacrum (Lair:2)
  3 kobold demonologists
  4 ice devils
  A tengu conjurer (D:15)
  A hellion (Gauntlet)
  A queen bee (shapeshifter) (D:15)
  13 trolls
  A merfolk (Lair:2)
  6 hornets (D:11)
  The ghost of intricategwyn the Slasher, an amateur DgWr (D:5)
  A polar bear (shapeshifter) (D:13)
  7 polar bears
  8 shadows
  3 wraiths (D:12)
  5 wyverns
  32 yaks
  A vampire (D:9)
  A wyvern (shapeshifter) (D:13)
  2 golden eyes (shapeshifter)
  3 hogs (D:14)
  2 death yak simulacra (Lair:2)
  5 basilisks
  11 vampire mosquitoes
  2 wargs
  A steam dragon (D:9)
  2 neqoxecs (D:13)
  Grum (D:10)
  Menkaure (D:5)
  A harpy simulacrum (Lair:2)
  3 nagas (Lair:2)
  An acid dragon (D:11)
  2 hell hounds (Gauntlet)
  8 water moccasins
  25 orc warriors
  23 ogres
  34 wolves
  4 boggarts (D:15)
  16 centaurs
  6 kobold brigands
  8 bullfrogs
  2 gnoll sergeants
  7 scorpions
  An entropy weaver simulacrum (Lair:2)
  A two-headed ogre simulacrum (Lair:2)
  An elephant simulacrum (Lair:2)
  3 killer bees (D:9)
  An electric eel (D:11)
  2 howler monkeys (D:12)
  A bombardier beetle (D:5)
  15 orc priests
  A jelly (D:7)
  A gnoll bouda (D:10)
  Terence (D:2)
  6 iguanas
  21 orc wizards
  2 spriggan simulacra (Lair:2)
  A troll simulacrum (Lair:2)
  Robin (D:1)
  12 gnolls
  A naga simulacrum (Lair:2)
  An adder (shapeshifter) (D:5)
  11 adders
  A white imp (D:7)
  2 ufetubi (D:6)
  4 dart slugs
  2 ribbon worms
  80 orcs
  6 endoplasms
  8 giant cockroaches
  19 goblins
  9 hobgoblins
  20 kobolds
  6 quokkas
  5 ball pythons
  6 bats
  4 frilled lizards
  7 rats
646 creatures vanquished.

Vanquished Creatures (collateral kills)
  An apocalypse crab (Gauntlet)
  A wraith (D:12)
  An orc warrior (Bailey)
  A bullfrog (D:6)
  A gnoll (D:12)
5 creatures vanquished.

Vanquished Creatures (others)
  A hog (D:14)
  A boggart (D:15)
  An endoplasm (D:4)
  14 foxfires (D:13)
17 creatures vanquished.

Grand Total: 668 creatures vanquished

Notes
Turn   | Place    | Note
-------+----------+-------------------------------------------
     0 | D:1      | ezpacito the Coglin Chaos Knight began the quest for the
                  | Orb.
     0 | D:1      | Reached XP level 1. HP: 18/18 MP: 1/1
    10 | D:1      | Reached skill level 1 in Dodging
    30 | D:1      | XOM: silly message
   190 | D:1      | Reached XP level 2. HP: 21/24 MP: 2/2
   262 | D:1      | XOM: divination: detect items
   591 | D:1      | Reached XP level 3. HP: 29/29 MP: 3/3
   946 | D:2      | Noticed Robin
  1044 | D:1      | XOM: divination: magic mapping
  1053 | D:1      | Killed Robin
  1054 | D:1      | Reached XP level 4. HP: 27/35 MP: 4/4
  1084 | D:2      | Reached skill level 1 in Polearms
  1126 | D:2      | XOM: divination: detect creatures
  1332 | D:2      | XOM: silly message
  1365 | D:2      | Noticed Terence
  1365 | D:2      | XOM: noise
  1370 | D:2      | Killed Terence
  1371 | D:2      | Reached XP level 5. HP: 18/42 MP: 6/6
  1445 | D:2      | XOM: give mutations
  1445 | D:2      | Gained mutation: Your health recovers twice as slowly from
                  | being drained. [Xom's mischief]
  1445 | D:2      | Gained mutation: Your muscles are strong. (Str +4, Int/Dex
                  | -1) [Xom's mischief]
  1445 | D:2      | Gained mutation: You are vulnerable to heat. (rF-) [Xom's
                  | mischief]
  1445 | D:2      | Gained mutation: You sometimes lose your temper in combat.
                  | [Xom's mischief]
  1453 | D:2      | XOM: silly message
  1569 | D:2      | XOM: silly message
  1903 | D:3      | XOM: smoke on damage
  2054 | D:3      | Reached skill level 1 in Spellcasting
  2291 | D:4      | Noticed an ogre
  2294 | D:4      | Reached XP level 6. HP: 48/48 MP: 7/7
  2299 | D:4      | Reached skill level 1 in Stealth
  2485 | D:4      | Reached skill level 1 in Evocations
  2605 | D:4      | Found Jiwyt's Distillery.
  2608 | D:4      | Bought a potion of degeneration for 14 gold pieces
  2615 | D:4      | Bought a potion of might for 56 gold pieces
  2615 | D:4      | Bought 2 potions of lignification for 84 gold pieces
  2843 | D:5      | Entered Level 5 of the Dungeon
  2940 | D:5      | Found a runed translucent door.
  2954 | D:5      | Reached XP level 7. HP: 50/54 MP: 8/8
  2990 | D:5      | a hound changed into a shapeshifter
  2990 | D:5      | Noticed a shapeshifter (shapeshifter)
  2990 | D:5      | XOM: polymorph hound -> shapeshifter
  2990 | D:5      | a shapeshifter changed into an adder
  3138 | D:5      | Noticed Menkaure
  3146 | D:5      | Killed Menkaure
  3240 | D:5      | XOM: summons friendly shadow imp
  3349 | D:5      | Found a staircase to the Ecumenical Temple.
  3382 | Temple   | Found a transporter.
  3382 | Temple   | Found a transporter.
  3382 | Temple   | Found a transporter.
  3382 | Temple   | Found a transporter.
  3382 | Temple   | Entered the Ecumenical Temple
  3528 | D:5      | Reached XP level 8. HP: 61/61 MP: 10/10
  3575 | D:5      | XOM: god gift: 7 stones
  3585 | D:5      | Noticed intricategwyn's ghost (amateur DgWr)
  3684 | D:5      | Killed intricategwyn's ghost
  3685 | D:5      | Reached skill level 5 in Fighting
  3786 | D:6      | XOM: divination: detect creatures
  3791 | D:6      | XOM: summons friendly quasit
  3854 | D:6      | Reached skill level 5 in Axes
  4046 | D:6      | XOM: 3-stop teleportation journey
  4499 | D:7      | XOM: 6-stop teleportation journey
  4560 | D:7      | Identified the +8 whip "Baypurif" {freeze, rCorr Int+4
                  | Dex+3}
  4671 | D:7      | Found an ancient bone altar of Kikubaaqudgha.
  4817 | D:7      | Reached XP level 9. HP: 62/68 MP: 12/12
  4895 | D:7      | Identified the +11 crystal plate armour "Rourgh" {+Inv
                  | rElec Stlth-}
  4946 | D:7      | XOM: give mutations
  4946 | D:7      | Gained mutation: You are covered in fur. (AC +1) [Xom's
                  | mischief]
  4946 | D:7      | Lost mutation: You are vulnerable to heat. (rF-) [Xom's
                  | mischief]
  4946 | D:7      | Gained mutation: You are partially covered in large bone
                  | plates. (SH +4) [Xom's mischief]
  4946 | D:7      | Gained mutation: You are clumsy. (Dex -2) [Xom's mischief]
  5012 | D:7      | XOM: god gift: 2 scrolls labelled SOBORE QUYRGHY {god gift}
  5045 | D:7      | XOM: 3-stop teleportation journey
  5060 | D:7      | Found an ornate altar of the Wu Jian Council.
  5060 | D:7      | Found a burning altar of Makhleb.
  5137 | D:7      | Noticed Pikel
  5152 | D:7      | XOM: confusion (+ monsters)
  5157 | D:7      | XOM: chaos upgrade
  5161 | D:7      | Killed Pikel
  5199 | D:7      | XOM: potion effect (attraction)
  5377 | D:7      | Identified 2 scrolls of acquirement
  5377 | D:7      | Acquired a +2 heavy broad axe
  5447 | D:7      | Acquired the +3 pair of gauntlets of War {Slay+5}
  5447 | D:7      | Found the +3 pair of gauntlets of War {Slay+5}
  5463 | D:7      | Learned a level 4 spell: Olgreb's Toxic Radiance
  5722 | D:8      | XOM: enchant monster (bad)
  5928 | D:8      | XOM: 3-stop teleportation journey
  5934 | D:8      | Learned a level 4 spell: Ignite Poison
  5960 | D:8      | Noticed a two-headed ogre
  5965 | D:8      | XOM: give mutations
  5965 | D:8      | Gained mutation: Your muscles are very strong. (Str +8,
                  | Int/Dex -2) [Xom's grace]
  5965 | D:8      | Gained mutation: You expend magic power (3 MP) to
                  | strengthen your wands. [Xom's grace]
  5966 | D:8      | Killed a two-headed ogre
  5967 | D:8      | Reached skill level 5 in Armour
  5967 | D:8      | Reached skill level 1 in Alchemy
  6023 | D:8      | Reached XP level 10. HP: 76/76 MP: 14/14
  6105 | D:8      | XOM: torment (39/76 hp)
  6111 | D:8      | Reached skill level 5 in Dodging
  6111 | D:8      | Reached skill level 1 in Conjurations
  6111 | D:8      | Reached skill level 1 in Fire Magic
  6111 | D:8      | Found a staircase to the Lair.
  6447 | D:9      | Noticed Erica
  6448 | D:9      | Found a flagged portal.
  6454 | D:9      | XOM: summons friendly shadow imp
  6458 | D:9      | Killed Erica
  6459 | D:9      | Reached skill level 5 in Polearms
  6480 | D:9      | XOM: 1-stop teleportation journey
  6555 | Bailey   | Entered a bailey
  6565 | Bailey   | XOM: draining
  6599 | Bailey   | XOM: god gift: 9 stones
  6605 | Bailey   | XOM: enchant monster (bad)
  6620 | Bailey   | XOM: summons friendly iron imp
  6638 | Bailey   | XOM: enchant monster (good)
  6799 | Bailey   | XOM: fog
  6805 | Bailey   | XOM: potion effect (might)
  6890 | Bailey   | Found a bloodstained altar of Trog.
  7046 | D:9      | Noticed a two-headed ogre
  7048 | D:9      | XOM: summons 5 friendly demons
  7050 | D:9      | Killed a two-headed ogre
  7051 | D:9      | Reached XP level 11. HP: 75/84 MP: 16/16
  7181 | D:9      | Found Asest's Armour Shop.
  7460 | D:10     | Entered Level 10 of the Dungeon
  7528 | D:10     | Learned a level 3 spell: Passwall
  7528 | D:10     | Noticed an obsidian statue
  7528 | D:10     | Noticed a brown ugly thing
  7528 | D:10     | Noticed a cyclops
  7528 | D:10     | XOM: polymorph brown ugly thing -> purple ugly thing
  7687 | D:10     | Reached skill level 5 in Evocations
  7702 | D:10     | Noticed Grum
  7716 | D:10     | XOM: summons friendly quasit
  7722 | D:10     | Killed Grum
  7810 | D:10     | XOM: 2-stop teleportation journey
  7825 | D:10     | Killed a purple ugly thing
  7864 | D:10     | Noticed a two-headed ogre
  7865 | D:10     | XOM: draining
  7868 | D:10     | XOM: summons 3 friendly demons
  7879 | D:10     | Killed a two-headed ogre
  7976 | D:10     | XOM: god gift: scroll labelled HUH DEG JUJ {god gift}
  8231 | D:10     | Killed a cyclops
  8232 | D:10     | Reached skill level 1 in Earth Magic
  8284 | D:10     | XOM: give mutations
  8284 | D:10     | Lost mutation: You are covered in fur. (AC +1) [Xom's
                  | mischief]
  8284 | D:10     | Gained mutation: Your system is resistant to poisons.
                  | (rPois) [Xom's mischief]
  8335 | D:10     | XOM: divine lightning
  8338 | D:10     | Killed an obsidian statue
  8349 | D:10     | XOM: cloud trail
  8363 | D:11     | Noticed an orange crystal statue
  8379 | D:11     | Noticed a rakshasa
  8422 | D:11     | XOM: noise
  8431 | D:11     | Noticed an orc sorcerer
  8442 | D:11     | Killed an orc sorcerer
  8478 | D:11     | XOM: 1-stop teleportation journey
  8483 | D:11     | Noticed a two-headed ogre
  8483 | D:11     | XOM: enchant monster (good)
  8506 | D:11     | Killed a two-headed ogre
  8638 | D:11     | Found a portal to a secret trove of treasure.
  8702 | D:11     | Found a gate leading to a gauntlet.
  8754 | D:11     | Reached XP level 12. HP: 92/92 MP: 17/17
  8757 | Gauntlet | Entered a Gauntlet
  8757 | Gauntlet | Found a transporter.
  8767 | Gauntlet | Found a transporter.
  8770 | Gauntlet | Found a transporter.
  8771 | Gauntlet | Found a transporter.
  8780 | Gauntlet | Found a transporter.
  8782 | Gauntlet | Found a transporter.
  8783 | Gauntlet | Found a transporter.
  8787 | Gauntlet | Found a runed translucent door.
  8791 | Gauntlet | Found a transporter.
  8794 | Gauntlet | Found a transporter.
  8795 | Gauntlet | Found a transporter.
  8802 | Gauntlet | Found a runed translucent door.
  8804 | Gauntlet | Found a transporter.
  8807 | Gauntlet | Found a transporter.
  8808 | Gauntlet | Found a transporter.
  8810 | Gauntlet | Noticed a great orb of eyes
  8816 | Gauntlet | Found a transporter.
  8857 | Gauntlet | Found a runed translucent door.
  8903 | Gauntlet | XOM: confuse monster(s)
  8965 | Gauntlet | XOM: cast spell 'Summon Mana Viper'
  9034 | Gauntlet | Identified the +1 pair of gloves of the Black Moon {-Tele
                  | rElec rN++ Dex+3}
  9054 | Gauntlet | Killed a great orb of eyes
  9159 | Gauntlet | Noticed a minotaur
  9162 | Gauntlet | XOM: fake destruction
  9165 | Gauntlet | Killed a minotaur
  9186 | D:11     | Identified the ring "Houlutz" {+Blink rElec EV+5}
  9296 | D:11     | XOM: noise
  9332 | D:11     | Noticed Snorg
  9339 | D:11     | Killed Snorg
  9340 | D:11     | Reached skill level 5 in Alchemy
  9636 | D:11     | XOM: summons friendly shadow imp
  9640 | D:11     | XOM: summons friendly crimson imp
  9643 | D:11     | Killed a rakshasa
  9646 | D:11     | XOM: destruction
  9648 | D:11     | XOM: divination: magic mapping
  9862 | D:12     | Noticed Rupert
  9874 | D:12     | XOM: polymorph Rupert -> Rupert
  9876 | D:12     | XOM: enchant monster (good)
 10049 | D:11     | XOM: give mutations
 10049 | D:11     | Lost mutation: You sometimes lose your temper in combat.
                  | [Xom's mischief]
 10049 | D:11     | Lost mutation: Your muscles are very strong. (Str +8,
                  | Int/Dex -2) [Xom's mischief]
 10200 | D:12     | Noticed Josephine
 10205 | D:12     | XOM: fake destruction
 10206 | D:12     | XOM: butterfly on damage
 10213 | D:12     | Killed Josephine
 10214 | D:12     | XOM: summons friendly white imp
 10221 | D:12     | Reached XP level 13. HP: 46/99 MP: 19/19
 10305 | D:12     | Found a staircase to the Orcish Mines.
 10311 | D:12     | XOM: 8-stop teleportation journey
 10314 | D:12     | XOM: chaos cloud
 10319 | D:12     | XOM: enchant monster (good)
 10323 | D:12     | Killed Rupert
 10690 | D:13     | XOM: 2-stop teleportation journey
 10864 | D:13     | Reached skill level 5 in Stealth
 10924 | D:13     | Found a runed translucent gate.
 10924 | D:13     | Found a runed translucent gate.
 10924 | D:13     | Found a runed translucent gate.
 10963 | D:13     | XOM: summons friendly white imp
 10993 | D:13     | Noticed Erolcha
 11003 | D:13     | Killed Erolcha
 11005 | D:13     | XOM: 3-stop teleportation journey
 11218 | D:13     | Found a gate to the Vaults.
 11440 | D:13     | Gained mutation: Your magical capacity is low. (-10% MP) [a
                  | shining eye]
 11484 | D:13     | Found a runed translucent gate.
 11484 | D:13     | Found a runed translucent gate.
 11492 | D:13     | Found a runed translucent gate.
 11492 | D:13     | Noticed a cacodemon
 11493 | D:13     | Noticed an entropy weaver
 11494 | D:13     | Noticed ezpacito's ghost (journeyman CoCK)
 11516 | D:13     | Gained mutation: You occasionally lose the ability to drink
                  | potions when taking damage. [a neqoxec]
 11517 | D:13     | Killed a cacodemon
 11529 | D:13     | Killed an entropy weaver
 11538 | D:13     | Killed ezpacito's ghost
 11585 | D:13     | XOM: god gift: robe {god gift}
 11727 | D:13     | Gained mutation: You sometimes lose the ability to drink
                  | potions when taking damage. [mutagenic glow]
 11743 | D:13     | Gained mutation: Your mind is acute. (Int +4, Str/Dex -1)
                  | [mutagenic glow]
 11757 | D:13     | Gained mutation: Your spells are a little easier to cast,
                  | but a little less powerful. [mutagenic glow]
 11763 | D:13     | Lost mutation: Your health recovers twice as slowly from
                  | being drained. [potion of mutation]
 11763 | D:13     | Lost mutation: You are partially covered in large bone
                  | plates. (SH +4) [potion of mutation]
 11763 | D:13     | Lost mutation: Your magical capacity is low. (-10% MP)
                  | [potion of mutation]
 11763 | D:13     | Gained mutation: Your natural rate of healing is unusually
                  | fast. [potion of mutation]
 11764 | D:13     | Lost mutation: You are clumsy. (Dex -2) [potion of
                  | mutation]
 11764 | D:13     | Lost mutation: Your muscles are strong. (Str +4, Int/Dex
                  | -1) [potion of mutation]
 11764 | D:13     | Gained mutation: Your mind is very acute. (Int +8, Str/Dex
                  | -2) [potion of mutation]
 11765 | D:13     | Lost mutation: Your mind is very acute. (Int +8, Str/Dex
                  | -2) [potion of mutation]
 11765 | D:13     | Lost mutation: You expend magic power (3 MP) to strengthen
                  | your wands. [potion of mutation]
 11765 | D:13     | Gained mutation: You sometimes lose your temper in combat.
                  | [potion of mutation]
 11766 | D:13     | Lost mutation: Your system is resistant to poisons. (rPois)
                  | [potion of mutation]
 11766 | D:13     | Lost mutation: You sometimes lose your temper in combat.
                  | [potion of mutation]
 11766 | D:13     | Gained mutation: Your flesh is cold resistant. (rC+)
                  | [potion of mutation]
 11766 | D:13     | Lost mutation: You sometimes lose the ability to drink
                  | potions when taking damage. [potion of mutation]
 11767 | D:13     | Lost mutation: You occasionally lose the ability to drink
                  | potions when taking damage. [potion of mutation]
 11767 | D:13     | Lost mutation: Your flesh is cold resistant. (rC+) [potion
                  | of mutation]
 11767 | D:13     | Lost mutation: Your natural rate of healing is unusually
                  | fast. [potion of mutation]
 11767 | D:13     | Gained mutation: You occasionally shout uncontrollably at
                  | your foes. [potion of mutation]
 11806 | D:14     | Noticed Nessos
 11815 | D:14     | XOM: potion effect (haste)
 11817 | D:14     | Killed Nessos
 11818 | D:14     | Reached skill level 5 in Spellcasting
 11832 | D:14     | XOM: summons friendly iron imp
 11834 | D:14     | Reached XP level 14. HP: 108/108 MP: 21/21
 11836 | D:14     | XOM: blink monster(s)
 11837 | D:14     | XOM: confusion (+ monsters)
 12178 | D:14     | Noticed Kirke
 12178 | D:14     | XOM: 2-stop teleportation journey
 12179 | D:14     | XOM: divine lightning
 12190 | D:14     | Killed Kirke
 12556 | D:15     | Entered Level 15 of the Dungeon
 12672 | D:15     | XOM: polymorph red ugly thing -> purple ugly thing
 12681 | D:15     | XOM: confuse monster(s)
 12720 | D:15     | Acquired an articulated compensator {Rampage Acrobat Will+
                  | Slay+3}
 12743 | D:15     | Found a shimmering altar of Xom.
 12768 | D:15     | XOM: god gift: 766 gold pieces
 12861 | D:15     | XOM: 1-stop teleportation journey
 12913 | D:15     | Reached skill level 5 in Fire Magic
 12914 | D:15     | Identified the +1 leather armour "Wicecwop" {rPois Regen+
                  | Str-2 Stlth+}
 12925 | D:15     | XOM: cleaving
 12960 | D:15     | XOM: give mutations
 12960 | D:15     | Gained mutation: You passively map a small area around you.
                  | [Xom's grace]
 12960 | D:15     | Gained mutation: You are partially covered in iridescent
                  | scales. (AC +2) [Xom's grace]
 12960 | D:15     | Gained mutation: You have supernaturally acute eyesight.
                  | (SInv) [Xom's grace]
 12969 | D:15     | XOM: fog
 12970 | D:15     | XOM: 1-stop teleportation journey
 13268 | D:15     | XOM: give mutation
 13268 | D:15     | Gained mutation: You are covered in fur. (AC +1) [Xom's
                  | grace]
 13281 | D:15     | Found a staircase to the Depths.
 13288 | D:15     | Learned a level 5 spell: Alistair's Intoxication
 13361 | D:15     | XOM: 1-stop teleportation journey
 13415 | D:15     | XOM: confuse monster(s)
 13494 | D:15     | Reached skill level 5 in Conjurations
 13537 | D:15     | XOM: 3-stop teleportation journey
 13636 | Orc:1    | Entered Level 1 of the Orcish Mines
 13751 | Orc:1    | Noticed an orc warlord
 13761 | Orc:1    | XOM: 1-stop teleportation journey
 13813 | Orc:1    | XOM: confusion
 13951 | Orc:1    | Reached skill level 1 in Air Magic
 13951 | Orc:1    | Reached XP level 15. HP: 115/115 MP: 23/23
 13956 | Orc:1    | Found a roughly hewn altar of Beogh.
 14040 | Orc:1    | Found Gtuesanide's Goods Gallery.
 14043 | Orc:1    | Bought Great Wizards, Vol. II for 608 gold pieces
 14096 | Orc:1    | Killed an orc warlord
 14212 | Orc:1    | XOM: give mutations
 14212 | Orc:1    | Gained mutation: Your movements are slightly less
                  | encumbered by armour. (ER -2) [Xom's mischief]
 14212 | Orc:1    | Lost mutation: You occasionally shout uncontrollably at
                  | your foes. [Xom's mischief]
 14291 | Orc:2    | Entered Level 2 of the Orcish Mines
 14326 | Orc:2    | Found a staircase to the Elven Halls.
 14326 | Orc:2    | Found Onwumuov's Antique Armour Boutique.
 14331 | Orc:2    | Reached skill level 10 in Evocations
 14337 | Orc:2    | Found Ydeaph's Book Shop.
 14366 | Orc:2    | Reached skill level 10 in Fighting
 14374 | Orc:2    | XOM: blink monster(s)
 14375 | Orc:2    | Reached skill level 10 in Axes
 14408 | Orc:2    | XOM: noise
 14498 | Orc:2    | XOM: cleaving
 14501 | Orc:2    | Found Qorimaech's Distillery.
 14501 | Orc:2    | Found Raikhlesh's Magic Scroll Shoppe.
 14501 | Orc:2    | XOM: 2-stop teleportation journey
 14565 | Orc:2    | Bought a scroll of identify for 30 gold pieces
 14565 | Orc:2    | Bought a scroll of revelation for 112 gold pieces
 14565 | Orc:2    | Bought a scroll of revelation for 112 gold pieces
 14565 | Orc:2    | Bought a scroll of fog for 60 gold pieces
 14565 | Orc:2    | Bought a scroll of teleportation for 45 gold pieces
 14565 | Orc:2    | Bought a scroll of identify for 30 gold pieces
 14565 | Orc:2    | Bought a scroll of enchant weapon for 112 gold pieces
 14565 | Orc:2    | Bought a scroll of amnesia for 60 gold pieces
 14565 | Orc:2    | Bought a scroll of teleportation for 45 gold pieces
 14565 | Orc:2    | Bought a scroll of torment for 142 gold pieces
 14565 | Orc:2    | Bought a scroll of amnesia for 60 gold pieces
 14571 | Orc:2    | Bought a potion of might for 60 gold pieces
 14571 | Orc:2    | Bought a potion of curing for 45 gold pieces
 14571 | Orc:2    | Bought a potion of brilliance for 60 gold pieces
 14571 | Orc:2    | Bought a potion of ambrosia for 120 gold pieces
 14571 | Orc:2    | Bought a potion of resistance for 150 gold pieces
 14571 | Orc:2    | Bought a potion of haste for 150 gold pieces
 14571 | Orc:2    | Bought a potion of haste for 150 gold pieces
 14586 | Orc:2    | Learned a level 6 spell: Eringya's Noxious Bog
 14588 | Orc:2    | Learned a level 1 spell: Apportation
 14591 | Orc:2    | Learned a level 2 spell: Ensorcelled Hibernation
 14644 | Orc:2    | XOM: noise
 14875 | Lair:1   | Entered Level 1 of the Lair of Beasts
 14890 | Lair:1   | XOM: polymorph cane toad -> orc
 14926 | Lair:1   | XOM: polymorph bullfrog -> cane toad
 15561 | Lair:1   | XOM: give mutations
 15561 | Lair:1   | Gained mutation: You occasionally shout uncontrollably at
                  | your foes. [Xom's mischief]
 15561 | Lair:1   | Gained mutation: You have hidden genetic defects. [Xom's
                  | mischief]
 15561 | Lair:1   | Gained mutation: Your body sometimes deteriorates upon
                  | taking damage. [Xom's mischief]
 15780 | Lair:2   | XOM: confuse monster(s)
 15784 | Lair:2   | XOM: noise
 16055 | Lair:2   | XOM: enchant monster (good)
 16143 | Lair:2   | Found a staircase to the Snake Pit.
 16204 | Lair:2   | Reached skill level 1 in Translocations
 16231 | Lair:2   | Gained mutation: You occasionally lose the ability to drink
                  | potions when taking damage. [hidden defects]
 16284 | Lair:2   | Found a staircase to the Shoals.
 16313 | Lair:2   | XOM: divination: magic mapping
 16606 | D:10     | XOM: give mutations
 16606 | D:10     | Gained mutation: You have a pair of small antennae on your
                  | head. [Xom's mischief]
 16606 | D:10     | Lost mutation: You have supernaturally acute eyesight.
                  | (SInv) [Xom's mischief]
 16606 | D:10     | Lost mutation: You occasionally lose the ability to drink
                  | potions when taking damage. [Xom's mischief]
 16606 | D:10     | Lost mutation: Your spells are a little easier to cast, but
                  | a little less powerful. [Xom's mischief]
 16768 | Orc:2    | XOM: god gift: granite talisman
 17000 | D:4      | Bought a potion of cancellation for 112 gold pieces
 17000 | D:4      | Bought a potion of haste for 140 gold pieces
 17000 | D:4      | Bought a potion of brilliance for 56 gold pieces
 17000 | D:4      | Bought a potion of attraction for 42 gold pieces
 17000 | D:4      | Bought a potion of cancellation for 112 gold pieces
 17000 | D:4      | Bought a potion of brilliance for 56 gold pieces
 17259 | Lair:3   | Found a frozen archway.
 17279 | IceCv    | Entered an ice cave
 17481 | IceCv    | Got the Tome of Flashy Formulae
 17696 | IceCv    | Reached XP level 16. HP: 118/123 MP: 24/24
 17726 | IceCv    | XOM: enchant monster (bad)
 17727 | IceCv    | XOM: polymorph polar bear -> water nymph
 17742 | IceCv    | Gained mutation: Your magical capacity is low. (-10% MP)
                  | [hidden defects]
 17742 | IceCv    | Lost mutation: You have hidden genetic defects. [hidden
                  | defects expressed]
 17769 | IceCv    | HP: 3/123 [ironbound frostheart/creeping frost (23)]
 17770 | IceCv    | Killed from afar by an ironbound frostheart

Illustrated notes

Levels and vault maps discovered:
D:1:      orjb1_lava_funnel, layout_basic, minmay_fountain_box,
          roderic_roman_lattice, roderic_lattice_a,
          chequers_serial_rivers_micro_e
D:2:      layout_rooms, minmay_goblin_outpost, uniq_robin, uniq_terence
D:3:      layout_basic
D:4:      layout_rooms, serial_shops, kennysheep_mini_moat, minmay_misc_feat_iff
D:5:      nicolae_cairo_tiling_large_dashed, layout_loops_cross,
          minmay_temple_entry_statues_fountains, ebering_ghost_reflecting_pool,
          uniq_menkaure
D:6:      layout_cave_pools, st_stairs_9
D:7:      layout_loops_corners, mainiacjoe_overflow_divided_tiny,
          overflow_temple_1_default, uniq_pikel
D:8:      layout_loops_corners, david_lair_shrubbed
D:9:      layout_rooms, serial_shops, nicolae_shop_back_alley_shop,
          enter_bailey_6, wad_floor_pattern_untrapped, uniq_erica
D:10:     layout_loops_ring, minmay_statue_bubble, uniq_grum
D:11:     hellmonk_paralyzer, layout_rooms, nicolae_trove_entry_crystal,
          gauntlet_entry_generic, kennysheep_cross_bottleneck, minivault_15,
          st_stairs_11, uniq_snorg
D:12:     layout_cave_pools, orc_0_dummy, uniq_josephine, uniq_rupert
D:13:     layout_long_grid, hellmonk_vaults_attempted_burglary,
          ploomutoo_gammafunk_ghost_potion_laboratory, uniq_erolcha
D:14:     layout_layer_cave, nicolae_titane, uniq_nessos, uniq_kirke
D:15:     hangedman_depths_entry_civil_slaughter, layout_irregular_city,
          xom_teletrap_fun, dk_noncrumbling_3, grunt_ministairs_8
Temple:   hellmonk_temple_divided_pantheon
Lair:1:   layout_loops_ring
Lair:2:   dreamdust_isle_of_ice, layout_cave_shapes,
          nicolae_shoals_entry_flooding, nicolae_snake_entry_squirm,
          lemuel_fruit_tree, infiniplex_staircase_pool, grunt_megastairs_4
Lair:3:   layout_chaotic_city, portal_ice_cave_demonic_guard,
          dreamdust_deal_with_the_devil, st_stairs_8,
          nicolae_quartered_pool_little
Orc:1:    layout_diamond_mine, nicolae_alphabet_shops, mines2_david
Orc:2:    st_orc_open, layout_diamond_mine, special_room
IceCv:    ice_cave_caverns_02

Skill      XL: |  1  2  3  4  5  6  7  8  9 10 11 12 13 14 15 16 |
---------------+-------------------------------------------------+-----
Dodging        | 1 2 3 4 5 6 7 8 9 |  9.0
Armour         | 2 3 4 5 6 7 8 9 |  9.1
Polearms       | 1 2 3 4 5 6 7 8 |  8.9
Spellcasting   | 1 2 3 4 5 6 |  6.0
Fighting       | 4 5 6 7 8 9 10 | 10.4
Stealth        | 1 2 3 4 5 6 |  6.4
Evocations     | 1 3 4 6 7 8 9 10 | 10.9
Axes           | 4 5 6 7 8 9 10 | 10.4
Alchemy        | 1 2 4 5 6 7 8 |  8.8
Conjurations   | 2 3 4 5 |  5.8
Fire Magic     | 2 3 4 5 |  5.8
Earth Magic    | 1 3 4 |  4.7
Air Magic      | 1 |  1.7
Translocations | 1 |  1.4

Action                     |  1- 3 |  4- 6 |  7- 9 | 10-12 | 13-15 | 16-18 || total
---------------------------+-------+-------+-------+-------+-------+-------++-------
  Melee: Dagger            |    51 |    79 |       |       |       |       ||   130
         Hand axe          |    44 |   105 |   119 |   279 |       |       ||   547
         Whip              |       |    32 |   123 |   309 |   612 |    28 ||  1104
         Broad axe         |       |       |       |    12 |   618 |    27 ||   657
  Throw: Boomerang         |       |     1 |       |       |       |       ||     1
         Dart              |       |       |     1 |       |       |       ||     1
Ability: Invent Gizmo      |       |       |       |       |     1 |       ||     1
  Evoke: Gell's gravitambo |       |       |       |     4 |     2 |     2 ||     8
         Wand              |       |       |       |     2 |    10 |       ||    12
         Phantom mirror    |       |       |       |     1 |     1 |     1 ||     3
         Condenser vane    |       |       |       |     1 |     1 |     1 ||     3
         Box of beasts     |       |       |       |       |     1 |       ||     1
         Lightning rod     |       |       |       |       |       |     1 ||     1
    Use: Potion            |       |     1 |     4 |    14 |    21 |       ||    40
         Scroll            |       |     5 |    13 |    10 |    16 |     1 ||    45
   Stab: Petrifying        |     1 |       |       |       |       |       ||     1
         Sleeping          |       |     2 |     2 |       |       |       ||     4
         Confused          |       |       |     4 |     8 |     1 |       ||    13
         Paralysed         |       |       |     1 |       |       |       ||     1
         Petrified         |       |       |       |     2 |       |       ||     2
         Invisible         |       |       |       |       |     4 |       ||     4
 Armour: Leather armour    |    60 |    80 |    72 |       |       |       ||   212
         Crystal plate arm |       |       |    23 |   447 |  1021 |    35 ||  1526
  Dodge: Dodged            |    56 |    71 |    62 |    99 |   234 |    12 ||   534
         Repelled          |       |     2 |     6 |    16 |    31 |       ||    55
  Block: Other             |       |       |     4 |    58 |    14 |       ||    76

Table legend: (Time is in decaauts)
 A = Elapsed time spent in this place.
 B = Non-inter-level travel time spent in this place.
 C = Inter-level travel time spent in this place.
 D = Time resting spent in this place.
 E = Time spent auto-exploring this place.
 F = Levels seen in this place.
 G = Mean time per level.
                   A        B        C        D        E       F      G
               +--------+--------+--------+--------+--------+-----+--------+
         Total |  17954 |  16557 |   1397 |    797 |  11521 |  24 |  748.1 |
       Dungeon |  13503 |  12419 |   1084 |    657 |   8816 |  15 |  900.2 |
        Temple |     13 |     13 |      0 |      0 |     12 |   1 |   13.0 |
          Lair |   1863 |   1756 |    107 |      0 |   1415 |   3 |  621.0 |
  Orcish Mines |   1295 |   1090 |    205 |      0 |    721 |   2 |  647.5 |
        Bailey |    376 |    376 |      0 |     59 |     98 |   1 |  376.0 |
      Ice Cave |    474 |    474 |      0 |      0 |    315 |   1 |  474.0 |
      Gauntlet |    426 |    426 |      0 |     80 |    144 |   1 |  426.0 |
               +--------+--------+--------+--------+--------+-----+--------+

Top non-repeatable levels by time:
     D:7: 1284 daAuts
    D:11: 1264 daAuts
     D:8: 1128 daAuts
    D:13: 1119 daAuts
    D:10: 1077 daAuts
     D:1: 1060 daAuts
    D:15: 1014 daAuts
     D:5: 999 daAuts
  Lair:1: 923 daAuts
  Lair:2: 825 daAuts
   Orc:1: 764 daAuts
    D:12: 759 daAuts
    D:14: 739 daAuts
     D:4: 685 daAuts
     D:9: 678 daAuts
